[Event "MPL 41st IND-ch Teams 2022"]
[Site "Jalgaon"]
[Date "2022.04.09"]
[Round "2.6"]
[White "Swapnil, S. Dhopade"]
[Black "Chandrajeet Singh Rajawat"]
[Result "1-0"]
[ECO "A45"]
[WhiteElo "2495"]
[BlackElo "1789"]
[Annotator "TA"]
[PlyCount "67"]
[EventDate "2022.04.08"]
[EventType "team-tourn"]
[EventCountry "IND"]
[SourceTitle "playchess.com"]
[Source "ChessBase"]
[SourceQuality "1"]
[TimeControl "5400+30"]

1. d4 Nf6 2. Bg5 d5 3. e3 g6 4. Bxf6 exf6 5. c4 c6 6. Nc3 dxc4 7. Bxc4 Bg7 8. Nge2 O-O 9. O-O {D00: 1 d4 d5: Unusual lines.} f5 10. Rc1 Nd7 11. Nf4 {[#] The position is equal.} c5 $146 ({Predecessor:} 11... Nf6 12. a4 Qe7 13. Qe2 Kh8 14. Rfd1 Be6 15. b3 Rad8 16. a5 Bc8 17. Qa2 g5 {½-½ (41) Balasubramaniam,H (2270)-Patil,P (2178) Mumbai 2019}) 12. dxc5 Nxc5 13. b4 Ne6 14. Bxe6 (14. Qb3 $14) 14... Bxe6 $11 15. Nxe6 fxe6 16. Qb3 Qe8 17. Rfd1 Bxc3 18. Rxc3 Qf7 19. Rcd3 Rae8 20. g3 e5 21. Qa4 Re7 (21... f4 $1 $11 {remains equal.}) 22. Qxa7 $16 f4 23. Rd8 Qf5 (23... fxe3 $16 {was called for.} 24. Rxf8+ (24. Qxe3 Qxa2 25. Qc5 Qf7 $16) 24... Kxf8 25. fxe3 Kg7) 24. Rxf8+ Kxf8 (24... Qxf8 $142 25. exf4 exf4) 25. exf4 exf4 $18 {[%mdl 4096] Endgame KQR-KQR} 26. Qb8+ Re8 (26... Kf7 $142 27. Qxf4 Qxf4 28. gxf4 Kf6) 27. Qxf4 (27. Qxb7 $142 Re7 28. Qb6) 27... Qxf4 28. gxf4 {KR-KR} Re4 {[#]} 29. a3 Ke7 30. Rd5 {Threatens to win with Rb5.} Re1+ $2 (30... Rxf4 $2 31. Rb5 $18) (30... Rc4 31. Rb5 Rc7) 31. Kg2 {Strongly threatening Re5+.} Ra1 32. Rb5 Rxa3 33. Rxb7+ Kf6 34. Rxh7 {Weighted Error Value: White=0.14 (very precise) /Black=0.36} 1-0

[Event "MPL 41st IND-ch Teams 2022"]
[Site "Jalgaon"]
[Date "2022.04.09"]
[Round "2.7"]
[White "Bharadia Yash"]
[Black "Visakh N R"]
[Result "1-0"]
[ECO "B90"]
[WhiteElo "1607"]
[BlackElo "2522"]
[Annotator "TA"]
[PlyCount "77"]
[EventDate "2022.04.08"]
[EventType "team-tourn"]
[EventCountry "IND"]
[SourceTitle "playchess.com"]
[Source "ChessBase"]
[SourceQuality "1"]
[TimeControl "5400+30"]

1. e4 c5 2. Nf3 d6 3. d4 cxd4 4. Nxd4 Nf6 5. Nc3 a6 6. Be3 e5 7. Nb3 Be7 8. f3 Be6 9. Qd2 h5 10. O-O-O Nbd7 11. Kb1 Rc8 {now scores much better than the old 11...b5.} 12. Bd3 {B90: Sicilian Najdorf: Unusual White 6th moves, 6 Be3 Ng4 and 6 Be3 e5.} Qc7 13. h3 h4 14. f4 {White is slightly better.} b5 $1 15. Rhe1 Bc4 16. fxe5 dxe5 17. Nd5 Nxd5 18. exd5 Bxd3 19. Qxd3 {Strongly threatening d6.} Qc4 {[#]} (19... Bd6 $1 $14) 20. Qd2 $146 ({Predecessor:} 20. Qf5 g6 21. Qf2 Qc7 22. Nd4 Nc5 23. Nc6 Ne4 24. Qe2 Bd6 25. Bb6 Nc3+ 26. bxc3 Qxb6 27. Qf3 {1-0 (27) Shirov,A (2683)-Delgado Ramirez,N (2615) Florianopolis 2017}) 20... Bb4 21. c3 Be7 22. Na5 Qe4+ 23. Ka1 {[%cal Oe3c5] And now Bc5! would win.} Qg6 24. d6 $36 {[%mdl 2048] White is on the roll.} Bd8 25. Nb3 O-O 26. Qd5 {Qb7 is the strong threat.} Bg5 27. Bxg5 Qxg5 28. Qb7 {&Bianco is more active.} Rfd8 {This costs Black the game.} (28... Qf5 $16) 29. Na5 $1 $18 Rb8 30. Qf3 (30. Qxa6 Rb6 31. Qa7 Qxg2 $11) 30... e4 31. Rxe4 Rb6 {[%cal Ob6d6] Prevents Nc6.} 32. Rg4 Qf6 33. Rf4 Qh6 {[#]} (33... Qg5 $142) 34. Rfd4 $1 {Threatens to win with Nc6.} ({Not} 34. Rxf7 $2 Ne5 35. Qe4 (35. Qf2 $2 Rbxd6 36. Rb1 Nxf7 $19) 35... Nxf7 $19) 34... Ne5 {Against Nc6} (34... Qf6 {keeps fighting.} 35. Qxf6 Nxf6) 35. Qe4 Qf6 36. Nb7 {[%cal Ba5b7,Bb7c5,Bc5e4][%mdl 32] White is clearly winning.} Rd7 37. Nc5 Rdxd6 {[#]} 38. Qa8+ $1 Kh7 39. Ne4 $1 {[%csl LRd6,LRf6] Weighted Error Value: White=0.08 (flawless) /Black=0.32} 1-0

[Event "MPL 41st IND-ch Teams 2022"]
[Site "Jalgaon"]
[Date "2022.04.09"]
[Round "2.8"]
[White "Shyaamnikhil P"]
[Black "Mandloi, Mukesh"]
[Result "1-0"]
[ECO "A05"]
[WhiteElo "2442"]
[BlackElo "1749"]
[Annotator "TA"]
[PlyCount "111"]
[EventDate "2022.04.08"]
[EventType "team-tourn"]
[EventCountry "IND"]
[SourceTitle "playchess.com"]
[Source "ChessBase"]
[SourceQuality "1"]
[TimeControl "5400+30"]

1. Nf3 Nf6 2. g3 e6 3. Bg2 d5 4. O-O Be7 5. d3 O-O 6. Nbd2 Nbd7 7. e4 dxe4 8. dxe4 {[#]} a5 $146 {A07: Réti Opening: New York and Capablanca Systems.} ({Predecessor:} 8... e5 9. Qe2 Re8 10. Nc4 Bf8 11. Rd1 Qe7 12. Ne3 Nc5 13. Nh4 g6 14. Nd5 Nxd5 15. exd5 f5 16. c4 a5 17. Nf3 {0-1 (65) Fedotov,N (2311)-Yaran,S (2272) Chess.com INT 2022}) 9. e5 Nd5 10. Ne4 ({Better is} 10. Re1 $14) 10... Nc5 (10... b5 $11) 11. Nxc5 $14 Bxc5 12. Bg5 (12. Ng5 $1 $14) 12... Be7 $11 13. h4 h6 14. Bxe7 Qxe7 15. Qe2 b6 16. c4 Ba6 17. Qe4 Qb4 18. Rfc1 Ne7 19. Rc2 Rab8 20. a4 (20. Rd1 $11) 20... Qxa4 $2 21. Rc3 $4 Bb7 $2 22. Qe2 $2 (22. Rxa4 $17 Bxe4 23. c5) 22... Rbd8 $4 23. b3 $4 Qd7 $2 (23... Qxa1+ 24. Ne1 {[#]} Rd1 $1) 24. b4 $2 (24. Rac1) 24... Nf5 $2 (24... axb4 $19 25. Rcc1 c5) 25. bxa5 $15 bxa5 26. c5 (26. Rca3 $15) 26... Bc6 ({Black should try} 26... a4 27. Rca3 Bc6) 27. Rac1 (27. Rxa5 $17 {is a better defense.} Bxf3 28. Qxf3) 27... a4 28. h5 (28. Qc4 {was called for.}) 28... Bxf3 29. Qxf3 Qd2 {[#] ...Nd4 is the strong threat.} 30. Bf1 (30. Qf4 $142) 30... Nd4 $19 31. Qe3 Nb3 32. Qxd2 Rxd2 ({Worse is} 32... Nxd2 33. Bb5 $17) 33. Re1 Ra2 34. Rd1 Ra3 $2 ({Black should play} 34... Rb2 $17 {Strongly threatening ...Ra8.} 35. Bb5 a3) 35. c6 $11 Ra1 (35... Ra8 $11 {keeps the balance.}) 36. Rxa1 $16 {White leaves nothing to chance now.} Nxa1 {[%mdl 4096] Endgame KRB-KRN} 37. Ra3 {[%csl LRa1,LRa4] &Bianco is more active.} Nb3 38. Rxa4 {aiming for Ra7.} Re8 $2 (38... Rc8 $16) 39. Ra7 $18 Re7 $2 (39... Kf8 40. Rxc7 Nd4) 40. Ra8+ Kh7 41. Rd8 Nc5 42. Bd3+ g6 43. Bc2 Kg7 44. hxg6 f5 45. exf6+ Kxf6 46. Rh8 e5 47. Rxh6 e4 48. Rh7 {Black must now prevent Rxe7.} Rxh7 (48... Re8 $18 49. Rxc7 Kxg6) 49. gxh7 {KB-KN} Kg7 50. Kf1 Kxh7 51. Ke2 Kg6 52. Ke3 Kf5 53. f3 Ke5 54. Bxe4 Nb3 55. f4+ Kd6 56. g4 {Weighted Error Value: White=0.62/Black=0.76} 1-0

[Event "MPL 41st IND-ch Teams 2022"]
[Site "Jalgaon"]
[Date "2022.04.09"]
[Round "3.1"]
[White "Sharma, Dinesh K."]
[Black "Aravindh, Chithambaram VR."]
[Result "0-1"]
[ECO "B68"]
[WhiteElo "2283"]
[BlackElo "2611"]
[Annotator "TA"]
[PlyCount "84"]
[EventDate "2022.04.08"]
[EventType "team-tourn"]
[EventCountry "IND"]
[SourceTitle "playchess.com"]
[Source "ChessBase"]
[SourceQuality "1"]
[TimeControl "5400+30"]

1. e4 c5 2. Nf3 d6 3. d4 cxd4 4. Nxd4 Nf6 5. Nc3 Nc6 6. Bg5 e6 7. Qd2 a6 8. O-O-O Be7 9. f4 Bd7 10. Be2 h6 11. Bh4 {[%emt 0:07:49] B68: Sicilian: Richter-Rauzer: 7...a6 8 0-0-0 Bd7 9 f4 Be7 .} Rc8 12. Nxc6 Bxc6 13. Bf3 {[%emt 0:02:09] The position is equal.} O-O {[%emt 0:13:24][%cal Of6e4] [#]} 14. Kb1 $146 {[%emt 0:08:19] [#]} (14. e5 {with more complications.} dxe5 15. Bxc6 Rxc6 16. fxe5 Nd5 17. Bxe7 Qxe7 18. Nxd5 exd5 19. Qxd5 Rc5 20. Qd6) ({Predecessor:} 14. g4 b5 15. Rde1 b4 16. Nd1 Nxe4 17. Bxe4 Bxh4 18. Re2 Bb5 19. Rg2 Rc4 20. Bd3 Rxf4 {0-1 (39) Keogh,E-Holm Pedersen,S Havana 1966}) 14... Nxe4 $1 15. Nxe4 {[%emt 0:07:50] Strongly threatening Bxe7.} Bxh4 16. Nxd6 (16. Qxd6 $15 Qa5 17. Qd2) 16... Bxf3 $17 17. gxf3 Rc7 {[%emt 0:00:21] Threatens to win with ...Rd7.} 18. Ne4 Qxd2 19. Rxd2 f5 20. Ng3 Rd8 21. Rxd8+ Bxd8 {[%emt 0:00:05][%mdl 4096] Endgame KRB-KRN} 22. Rd1 {[%emt 0:00:10] Inhibits Rd7.} Be7 23. Ne2 Kf7 24. c3 g5 25. Kc2 Bf6 26. fxg5 (26. a4 $15) 26... hxg5 27. f4 (27. h3 $17) 27... gxf4 $19 28. Nxf4 Be5 29. Nd3 Bxh2 30. Rh1 Bd6 31. Rh7+ Kf6 32. Rxc7 {[%emt 0:02:40] White does not recover from this.} (32. Rh6+ $17 Ke7 33. Kd2) 32... Bxc7 $17 {[%emt 0:00:05] KB-KN. Black is clearly winning.} 33. Nc5 Ke5 34. c4 Kd6 ({Worse is} 34... f4 35. Kd3 $17) 35. b4 {[%emt 0:00:16] [#]} Bb6 $1 36. Nb3 Bg1 {[%emt 0:00:13] ...e5 is the strong threat.} 37. a4 e5 {[%emt 0:02:43][%cal Be6e5,Be5e4,Be4e3][%mdl 32] White must now prevent ...e4.} 38. c5+ Kd5 39. Na5 f4 40. Nxb7 f3 41. Kd1 e4 {[%emt 0:00:09] ( -> ...e3)} 42. Nd6 e3 {[%emt 0:01:00] Weighted Error Value: White=0.92/Black=0.03 (flawless)} 0-1

[Event "MPL 41st IND-ch Teams 2022"]
[Site "Jalgaon"]
[Date "2022.04.09"]
[Round "3.2"]
[White "Puranik, Abhimanyu"]
[Black "Kiran, Manisha Mohanty"]
[Result "1-0"]
[ECO "B63"]
[WhiteElo "2618"]
[BlackElo "2168"]
[Annotator "TA"]
[PlyCount "159"]
[EventDate "2022.04.08"]
[EventType "team-tourn"]
[EventCountry "IND"]
[SourceTitle "playchess.com"]
[Source "ChessBase"]
[SourceQuality "1"]
[TimeControl "5400+30"]

1. e4 c5 2. Nf3 d6 3. d4 cxd4 4. Nxd4 Nf6 5. Nc3 Nc6 6. Bg5 e6 7. Qd2 Be7 8. O-O-O Nxd4 9. Qxd4 O-O 10. h4 Qa5 11. Kb1 {[%emt 0:00:20] &Bianco is more active.} a6 {[%emt 0:04:02] B63: Sicilian: Richter-Rauzer: 7...Be7 and unusual Black 7th moves.} 12. Qd2 {[%emt 0:11:38][%cal Oc3d5] Threatens to win with Nd5!} Qc5 {[%emt 0:14:55] [#] Inhibits Nd5.} (12... Qc7 $11 {remains equal.}) 13. g4 $146 ({Predecessor:} 13. f4 b5 14. Bxf6 gxf6 15. Bd3 Bb7 16. g4 b4 17. Ne2 a5 18. g5 Kh8 19. Rc1 {0-1 (36) Tonndorf,M (2256)-Mueller,O (2295) Knuellwald 2017}) 13... b5 {[%emt 0:14:26] White is better.} 14. e5 dxe5 {[%emt 0:14:32] aiming for ...Bb7.} 15. Bg2 {[%emt 0:03:03] Inhibits Bb7.} Nd5 16. Bxd5 (16. Nxd5 $16 exd5 17. Bxd5) 16... exd5 $14 17. Nxd5 f6 18. Be3 Qd6 19. g5 (19. b4 $5 Bb7 20. Nxe7+ (20. Bc5 Qxd5 21. Qxd5+ Bxd5 $11) 20... Qxe7 21. Bc5 $11) 19... Bb7 {[%emt 0:04:01] And now ...Rad8 would win.} 20. Nxe7+ Qxe7 21. Rhg1 f5 22. f4 Rfd8 23. Qc3 exf4 24. Bxf4 Rac8 25. Qb3+ Qf7 26. Qb4 Be4 27. Rxd8+ Rxd8 28. b3 Qa7 29. Rc1 Qd4 30. Qa5 (30. Qe7 $11 Qd7 31. Qxd7 Rxd7 32. Kb2) 30... Ra8 (30... Rc8 $1 $15) 31. Qc7 $11 Qd8 32. Qe5 Qd5 33. Qxd5+ Bxd5 {[%emt 0:00:03][%mdl 4096] Endgame KRB-KRB} 34. Rd1 Rd8 35. Kb2 {[%emt 0:00:46][%cal Oc2c4] Hoping for c4!} Rd7 $1 36. Rd3 Kf7 37. h5 Bc6 38. Rc3 Be4 39. Rc8 Bf3 40. h6 gxh6 41. gxh6 Ke6 42. Re8+ Re7 43. Rf8 Rf7 44. Rb8 Kd5 45. Re8 Bh5 46. Re5+ {[%emt 0:00:32] Black is on the road to losing.} Kc6 47. c4 bxc4 48. bxc4 Bf3 {[%emt 0:01:16] [#]} 49. Kc3 (49. Re6+ $1 $16 Kb7 50. Kc3) 49... Be4 ({Black should try} 49... Kd7 $1 $14) 50. a4 (50. Re6+ $16 Kb7 51. Kb4) 50... Rd7 $2 (50... Kd7 $1 $14) 51. Re6+ $18 Kb7 52. Kb4 Bc6 53. a5 Rd4 54. Re7+ Ka8 (54... Rd7 {might work better.} 55. Rg7 Ka7) 55. Be5 Rd7 56. Re6 Kb7 57. Kc5 Be4 58. Re8 f4 59. Bxf4 Bg6 60. Re6 {[%emt 0:00:51] Rb6+ is the strong threat.} Rf7 (60... Bh5 {was called for.} 61. Rb6+ Ka7 62. Bb8+ Ka8) 61. Rb6+ Ka7 62. Bb8+ Ka8 63. Be5 Ka7 64. Bd4 Be4 (64... Bh5 $142 65. Kd5 Ka8 66. Rxa6+ Kb7 67. Rb6+ Ka8) 65. Kd6 {[%emt 0:00:17] Ke5 would kill now.} Rf5 66. Rc6+ (66. Rb3+ $142 Ka8 67. Re3) 66... Kb8 {[%emt 0:00:22] [#]} 67. Rc7 $1 Rh5 68. Ba7+ Ka8 69. Be3 Rh3 70. Bf4 Rh5 71. Re7 Bd3 72. c5 Rf5 73. Be5 Rh5 74. Re8+ Ka7 75. Re7+ Ka8 $1 76. c6 {[%emt 0:00:52] White mates.} Rxh6+ 77. Kc5 Rh1 78. Re8+ Ka7 79. Bb8+ Ka8 80. Bc7+ {[%emt 0:00:03] Weighted Error Value: White=0.14 (very precise) /Black=0.23 (precise)} 1-0

[Event "MPL 41st IND-ch Teams 2022"]
[Site "Jalgaon"]
[Date "2022.04.09"]
[Round "3.3"]
[White "Sriram, Jha"]
[Black "Harsha Bharathakoti"]
[Result "1/2-1/2"]
[ECO "A04"]
[WhiteElo "2379"]
[BlackElo "2499"]
[Annotator "TA"]
[PlyCount "80"]
[EventDate "2022.04.08"]
[EventType "team-tourn"]
[EventCountry "IND"]
[SourceTitle "playchess.com"]
[Source "ChessBase"]
[SourceQuality "1"]
[TimeControl "5400+30"]

1. Nf3 f5 2. g3 Nf6 3. Bg2 g6 4. b3 Bg7 5. Bb2 O-O 6. O-O d6 7. d4 Qe8 8. c4 Na6 9. Nbd2 c6 10. Qc2 Rb8 {[%emt 0:03:48] A87: Dutch Defence: Leningrad System: 5 Nf3.} 11. a3 Nc7 12. Rfe1 b5 {[%emt 0:04:06] White is slightly better.} 13. Rac1 Bd7 14. Bc3 Bh6 15. e3 {[%emt 0:03:52] [#]} Qf7 $146 ({Predecessor:} 15... a6 16. h4 Rc8 17. a4 Ne6 18. Ra1 Rc7 19. axb5 axb5 20. Ra6 Bg7 21. Rea1 h6 {½-½ (40) Fischer,D (2338)-Voetter,H (2381) ICCF email 2016}) 16. Rcd1 Ne6 17. a4 bxa4 18. bxa4 (18. b4 {seems wilder.} Ne4 19. Ra1 a5 20. bxa5 c5 21. Nxe4 fxe4 22. Qxe4 cxd4 23. Nxd4 Nc5 24. Qd5) 18... Ne4 19. Ba1 ({Don't play} 19. Nxe4 fxe4 20. Qxe4 Ng5 21. Nxg5 Qxf2+ 22. Kh1 Bxg5 $15) 19... Nxd2 20. Nxd2 Bg7 21. Rb1 Rfc8 22. a5 Qf8 23. Bc3 (23. a6 $16) 23... Rxb1 $1 $14 24. Rxb1 {[%emt 0:00:12] Strongly threatening Rb7.} Rb8 {[%emt 0:00:07] Against Rb7} 25. Rb2 Qc8 26. Qb1 Rxb2 27. Qxb2 Nd8 28. c5 {[%emt 0:02:35] &Bianco is more active.} dxc5 29. dxc5 Bxc3 30. Qxc3 Qb8 31. e4 Nf7 32. exf5 gxf5 33. f4 (33. Qd4 $16 Qc7 34. Nc4) 33... e5 $11 34. fxe5 Qxe5 35. Qxe5 Nxe5 {[%emt 0:00:04] KBN-KBN} 36. Nf3 Nc4 37. a6 $1 Kf7 38. Kf2 Kf6 39. Nd4 Ne5 40. Ke3 h6 {[%emt 0:01:41] Weighted Error Value: White=0.11 (very precise) /Black=0.08 (flawless)} 1/2-1/2

[Event "MPL 41st IND-ch Teams 2022"]
[Site "Jalgaon"]
[Date "2022.04.09"]
[Round "3.4"]
[White "Sankalp Gupta"]
[Black "Swati Ghate"]
[Result "1-0"]
[ECO "B48"]
[WhiteElo "2536"]
[BlackElo "2136"]
[Annotator "TA"]
[PlyCount "53"]
[EventDate "2022.04.08"]
[EventType "team-tourn"]
[EventCountry "IND"]
[SourceTitle "playchess.com"]
[Source "ChessBase"]
[SourceQuality "1"]
[TimeControl "5400+30"]

1. e4 c5 2. Nf3 e6 3. d4 cxd4 4. Nxd4 Nc6 5. Nc3 Qc7 6. Be3 Nf6 7. f4 d6 8. Qf3 a6 9. O-O-O Bd7 10. Rg1 {[%emt 0:16:57] B82: Sicilian Scheveningen: 6 f4.} Rc8 11. g4 $1 {[%emt 0:04:20][%cal Bg2g4,Bg4g5][%mdl 32] g5 is the strong threat.} h6 {[%emt 0:02:34] [#]} 12. h4 $146 {[%emt 0:04:09] Strongly threatening g5. &Bianco is more active. White is better.} ({Predecessor:} 12. Kb1 b5 13. a3 Be7 14. Be2 Nxd4 15. Bxd4 e5 16. Be3 Bc6 17. g5 hxg5 18. fxg5 {1-0 (33) David,A (2574)-Brunello,S (2557) Rome 2016}) 12... h5 13. g5 Ng4 14. Nxc6 Bxc6 15. Bh3 (15. f5 $14) 15... b5 $1 $11 {[%emt 0:03:41][%cal Bb7b5,Bb5b4][%mdl 32] Black wants to play ...b4.} 16. Rd2 ({Much worse is} 16. Bxg4 hxg4 17. Qg2 (17. Rxg4 $2 b4 $19) 17... b4 $17) 16... b4 17. Ne2 d5 18. Bxg4 dxe4 19. Qf2 hxg4 20. f5 Bd5 {[%emt 0:08:53] [#] Threatens to win with ...Qa5.} (20... b3 $5 21. a3 bxc2 22. Rxc2 Bd6 $15) 21. Kb1 g3 22. Nxg3 {[%emt 0:01:25] Black must now prevent h5.} Rxh4 23. fxe6 Bxe6 24. Rgd1 Qb8 $2 (24... Qe5 $1 $11) 25. g6 $18 {[%emt 0:10:52] The board is on fire.} Rg4 $2 (25... fxg6 26. Bg5 (26. Rf1 Be7 $16) 26... Rg4 27. Rd8+ Rxd8 28. Rxd8+ Qxd8 29. Bxd8 Bd6) 26. gxf7+ {[%emt 0:01:56][%mdl 64] Deflection} Bxf7 {[%emt 0:00:02] [#]} 27. Qf5 $1 {[%emt 0:00:14][%csl LRe4,LRg4] Weighted Error Value: White=0.13 (very precise) /Black=0.32} 1-0

[Event "MPL 41st IND-ch Teams 2022"]
[Site "Jalgaon"]
[Date "2022.04.09"]
[Round "3.5"]
[White "Vignesh N R"]
[Black "Das, Sayantan"]
[Result "1/2-1/2"]
[ECO "B23"]
[WhiteElo "2444"]
[BlackElo "2459"]
[Annotator "TA"]
[PlyCount "30"]
[EventDate "2022.04.08"]
[EventType "team-tourn"]
[EventCountry "IND"]
[SourceTitle "playchess.com"]
[Source "ChessBase"]
[SourceQuality "1"]
[TimeControl "5400+30"]

1. e4 c5 2. Nc3 Nc6 3. f4 g6 4. Nf3 Bg7 5. Bc4 d6 6. d3 e6 7. O-O Nge7 8. Kh1 {[%emt 0:00:24] [#] A rather calm draw. B23: Closed Sicilian: Lines without g3.} {Predecessor:} O-O $146 9. Qe1 h6 10. Qh4 Nd4 11. Nxd4 cxd4 12. Ne2 d5 13. Bb3 dxe4 14. dxe4 d3 15. cxd3 Qxd3 {1-0 (52) Klekowski,M (2510)-Aditya,M (2438) Chess.com INT 2021} 1/2-1/2

[Event "MPL 41st IND-ch Teams 2022"]
[Site "Jalgaon"]
[Date "2022.04.09"]
[Round "3.6"]
[White "Das, Arghyadip"]
[Black "Deepan Chakkravarthy J."]
[Result "1/2-1/2"]
[ECO "A14"]
[WhiteElo "2471"]
[BlackElo "2520"]
[Annotator "TA"]
[PlyCount "37"]
[EventDate "2022.04.08"]
[EventType "team-tourn"]
[EventCountry "IND"]
[SourceTitle "playchess.com"]
[Source "ChessBase"]
[SourceQuality "1"]
[TimeControl "5400+30"]

1. Nf3 Nf6 2. c4 e6 3. g3 d5 4. Bg2 Be7 5. O-O O-O 6. d4 dxc4 7. Qc2 a6 8. Qxc4 {[#]} {Predecessor:} b5 $146 {E05: Open Catalan: 5 Nf3 Be7.} 9. Qc2 Bb7 10. Bd2 Be4 11. Qc1 c6 12. a4 Nbd7 13. Nc3 Bg6 14. Nh4 Bh5 15. h3 Rc8 16. axb5 cxb5 17. Qd1 b4 18. Na4 Rc4 19. Bc1 {½-½ (56) Esipenko,A (2723)-Oparin,G (2674) Berlin 2022} 1/2-1/2

[Event "MPL 41st IND-ch Teams 2022"]
[Site "Jalgaon"]
[Date "2022.04.10"]
[Round "4.1"]
[White "Aravindh, Chithambaram VR."]
[Black "Tarun V Kanth"]
[Result "1-0"]
[ECO "A05"]
[WhiteElo "2611"]
[BlackElo "1908"]
[Annotator "TA"]
[PlyCount "129"]
[EventDate "2022.04.08"]
[EventType "team-tourn"]
[EventCountry "IND"]
[SourceTitle "playchess.com"]
[Source "ChessBase"]
[SourceQuality "1"]
[TimeControl "5400+30"]

1. Nf3 Nf6 2. g3 g6 3. Bg2 Bg7 4. O-O O-O 5. d4 d6 6. Nc3 Nbd7 7. e4 e5 8. Re1 exd4 9. Nxd4 Re8 10. h3 c6 11. a4 {[%emt 0:08:12] B07: Pirc Defence: Miscellaneous Systems.} a5 12. Be3 Nc5 13. f3 {[%emt 0:00:09] The position is equal.} Bd7 14. Bf2 Qc7 {[%emt 0:04:00] [#]} 15. f4 $146 ({Predecessor:} 15. g4 Rad8 16. Qd2 h5 17. g5 Nh7 18. f4 f6 19. h4 fxg5 20. hxg5 Rf8 21. Nf3 {0-1 (42) Kosanovic,G (2369)-Kiremitciyan,A (2240) Novi Sad 2017}) 15... Rad8 16. Qf3 Bc8 17. g4 Ne6 18. Rad1 Nxd4 19. Bxd4 Nd7 20. Qf2 Bxd4 21. Rxd4 Nc5 22. Rd2 Qe7 23. e5 (23. Rdd1 $11) 23... Qf8 24. f5 dxe5 25. Rxd8 Rxd8 26. Rxe5 b6 (26... Nd7 $11 27. Re3 (27. Rxa5 Qb4 $11) 27... Nc5) 27. f6 ({Better is} 27. fxg6 $14 hxg6 28. Bxc6) 27... Be6 28. Re1 (28. Bxc6 {was preferrable.} Qh6 29. Qe3 Qxe3+ 30. Rxe3) 28... Rd6 $11 29. Qe3 Qd8 30. Rf1 Qf8 31. b3 Qd8 32. Kh2 Qb8 (32... Rd2 $2 33. Qh6 Rxg2+ 34. Kh1 $18) 33. Qf4 (33. Qh6 {seems wilder.} Rd4+ 34. Kg1 Qf8 35. Qxf8+ Kxf8 36. Bxc6 h5 37. gxh5 Bxh3 38. Re1) 33... Qd8 34. Rf2 Qf8 35. Kh1 Qd8 (35... Bxb3 {looks sharper.} 36. cxb3 Nd3 37. Qe3 Nxf2+ 38. Qxf2 Qd8) 36. Kg1 Qf8 37. Rd2 Rxd2 38. Qxd2 Nd7 39. Qd4 (39. Ne4 $11) 39... Qb4 ({Black should play} 39... c5 $1 $15 40. Qf4 c4 41. bxc4 Qc5+ 42. Kh1 Bxc4) 40. Qxb4 axb4 {[%emt 0:00:02][%mdl 4096] Endgame KBN-KBN} 41. Ne4 h6 42. Kf2 Bd5 43. Ke3 Kf8 44. h4 {[%emt 0:00:05] aiming for g5.} g5 45. hxg5 hxg5 46. Bf3 Bxe4 47. Kxe4 {[%emt 0:00:04] Hoping for Kf5.} Nxf6+ {[%emt 0:00:24] KB-KN} 48. Kf5 Nh7 {[%emt 0:00:33][%mdl 8192] A mistake that costs the game.} (48... Nd5 $11) 49. Bxc6 Ke7 50. Ke5 Nf6 51. Bf3 Nd7+ $2 {[%emt 0:00:25] [#]} (51... Ng8 52. Kd5 Kd7) 52. Kd5 $1 $18 {[%emt 0:00:10] Strongly threatening Be2.} f6 (52... Nb8 $142 53. Kc4 Nd7) 53. Be4 Ne5 54. Bf5 Nf3 {[%emt 0:00:45] [#]} 55. Kc4 $1 Kd6 56. Kxb4 Nd4 57. Bd3 Ke5 58. Kc4 f5 59. c3 Nc6 60. Bxf5 {[%emt 0:00:11] Threatens to win with Kb5.} Kf4 61. b4 {[%emt 0:00:27][%cal Bb3b4,Bb4a5][%mdl 32] White threatens Kb5 and mate.} Ne5+ 62. Kb5 {[%emt 0:00:14] White mates.} Nxg4 63. Bxg4 Kxg4 64. a5 bxa5 65. bxa5 {[%emt 0:00:05] Weighted Error Value: White=0.13 (very precise) /Black=0.41} 1-0